 Dungeon Crawl Stone Soup version 0.31-a0-801-gc67433417a (webtiles) character file.

Game seed: 4048399741929872223

1325 Ivernyr the Slasher (level 8, -6/42 HPs)
             Began as a Vine Stalker Gladiator on Sept 20, 2023.
             Was a Believer of Wu Jian.
             Killed from afar by a steam dragon (18 damage)
             ... with a ball of steam
             ... on level 6 of the Dungeon.
             The game lasted 00:12:21 (4205 turns).

Ivernyr the Slasher (Vine Stalker Gladiator)        Turns: 4205, Time: 00:12:21

Health: -6/42      AC: 13    Str: 17    XL:     8   Next: 60%
Magic:  0/9        EV:  9    Int:  8    God:    Wu Jian [**....]
Gold:   279        SH:  0    Dex: 18    Spells: 7/7 levels left

rFire   . . .        a - +0 long sword
rCold   + . .        (no shield)
rNeg    . . .        b - +1 chain mail {Will+}
rPois   .            c - +0 helmet
rElec   .            B - +0 cloak
rCorr   .            y - +0 pair of gloves
SInv    .            (no boots)
Will    ++...        (no amulet) Stlth
                     t - ring of protection from cold
HPRegen 1.07/turn    (no ring)
MPRegen 0.11/turn

%: guardian spirit
@: no status effects
A: fangs 3, regeneration 1, magic shield, antimagic bite, no potion heal 2
a: Renounce Religion, Wall Jump


You were on level 6 of the Dungeon.
You worshipped Wu Jian.
Wu Jian was pleased with you.
You visited 2 branches of the dungeon, and saw 7 of its levels.
You also visited: Sewer.

You collected 279 gold pieces.

Inventory:

Hand Weapons
 a - a +0 long sword (weapon)
Missiles
 d - 3 throwing nets (quivered)
 e - 12 javelins
Armour
 b - a +1 chain mail of willpower (worn)
 c - a +0 helmet (worn)
 y - a +0 pair of gloves (worn)
 B - a +0 cloak (worn)
Jewellery
 t - a ring of protection from cold (left hand)
Scrolls
 g - 5 scrolls of identify {unknown}
 j - a scroll of vulnerability {unknown}
 k - 2 scrolls of revelation {unknown}
 l - a scroll of brand weapon {unknown}
 m - a scroll of blinking {unknown}
 n - a scroll of poison {unknown}
 p - 2 scrolls of enchant armour {unknown}
 q - 2 scrolls of immolation {unknown}
 s - a scroll of amnesia {unknown}
 u - 2 scrolls of acquirement {unknown}
 v - a scroll of teleportation {unknown}
 w - a scroll of fog {unknown}
 A - a scroll of noise {unknown}
Potions
 f - 4 potions of curing {unknown}
 h - 2 potions of might {unknown}
 i - a potion of enlightenment {unknown}
 o - a potion of experience {unknown}
 r - a potion of berserk rage {unknown}
 x - a potion of lignification {unknown}
 z - a potion of invisibility {unknown}


   Skills:
 + Level 4.4 Fighting
 * Level 6.5 Long Blades
 - Level 1.7 Throwing
 + Level 3.5 Armour
 + Level 4.4 Dodging


You had 7 spell levels left.
You didn't know any spells.
Your spell library contained the following spells:

 Spells                   Type           Power      Damage    Failure   Level
 Sting                    Tmut/Pois      0%         1d3       99%         1
 Poisonous Vapours        Pois/Air       0%         N/A       100%        2
 Sublimation of Blood     Necr           0%         N/A       100%        2
 Wereblood                Tmut           0%         N/A       100%        2
 Olgreb's Toxic Radiance  Pois           0%         N/A       100%        4
 Irradiate                Conj/Tmut      0%         3d11      100%        5
 Summon Hydra             Summ           0%         N/A       100%        7


Dungeon Overview and Level Annotations

Branches:
Dungeon (6/15)             Temple (1/1) D:5           Sewer (visited)

Altars:
Ashenzari
Cheibriados
Dithmenos
Elyvilon
Fedhas
Gozag
Hepliaklqana
Kikubaaqudgha
Makhleb
Nemelex Xobeh
Okawaru
Qazlal
Sif Muna
Trog
Uskayaw
Vehumet
Wu Jian
Xom
Zin


Innate Abilities, Weirdness & Mutations

You have razor-sharp teeth.
Your natural rate of healing is unusually fast.
When hurt, damage is shared between your health and your magic reserves.
Your bite disrupts and absorbs the magic of your enemies.
Potions cannot restore your health.


Message History

The steam dragon breathes steam at you. The ball of steam hits you!!
Ouch! That really hurt!
* * * LOW HITPOINT WARNING * * *
You hear a shout!
The steam dragon attacks as it pursues you!
The steam dragon bites you.
* * * LOW HITPOINT WARNING * * *
The steam dragon claws you but does no damage.
The ice beast is engulfed in a cloud of scalding steam.
The ice beast attacks as it pursues you!
The ice beast closely misses you.
The ice beast attacks as it pursues you!
The ice beast hits you but does no damage.
A hound comes into view.
The hound barks!
The steam dragon attacks as it pursues you!
The steam dragon barely misses you. The steam dragon closely misses you.
The ice beast is engulfed in a cloud of scalding steam.
Okay, then.
The ice beast is engulfed in a cloud of scalding steam.
The ice beast attacks as it pursues you!
The ice beast hits you but does no damage.
The steam dragon attacks as it pursues you!
The steam dragon bites you but does no damage.
The steam dragon closely misses you.
The hound is engulfed in a cloud of scalding steam.
The ice beast attacks as it pursues you!
The ice beast hits you.
* * * LOW HITPOINT WARNING * * *
The ice beast freezes you. You resist.
* * * LOW HITPOINT WARNING * * *
Found a scroll labelled MOOQ HIVVI.
The steam dragon attacks as it pursues you!
The steam dragon bites you but does no damage.
The steam dragon claws you but does no damage.
You see here a scroll labelled MOOQ HIVVI.
The steam dragon breathes steam at you. The ball of steam hits you!!
You die...

###.######.###..........####.#
...............###.#.........#
#........Y..#.#.#).####.#
#.[.....###.#.#.#..####.#
#.###.#####h#.#....)..... #.
#.##..Y........)).... #.
#.##.D...##.......... #.
..##ยง###.##.......... ..
<###@# .##.......... ## ## #.#
.##.......... ...
.##.......... #####
###.......... #..........
###########


You could see a steam dragon (catching breath), an ice beast and a hound.

Vanquished Creatures
  Eustachio (D:4)
  A black bear (D:5)
  An ogre (D:5)
  A phantom (D:5)
  2 elf zombies (D:5)
  2 bullfrogs (Sewer)
  An elf skeleton (D:5)
  A hound (D:5)
  A jelly (D:5)
  A gnoll bouda (D:4)
  3 human skeletons (D:5)
  An iguana (D:4)
  Terence (D:2)
  3 orc wizards
  5 gnolls
  8 adders
  A shadow imp (D:5)
  3 white imps
  2 ufetubi (D:6)
  4 worms
  3 dart slugs
  16 orcs
  5 bats
  11 endoplasms
  13 giant cockroaches
  7 goblins
  7 hobgoblins
  7 jackals (D:1)
  3 kobolds
  18 quokkas
  11 ball pythons
  9 frilled lizards
  6 rats
159 creatures vanquished.

Notes
Turn   | Place    | Note
-------+----------+-------------------------------------------
     0 | D:1      | Ivernyr the Vine Stalker Gladiator began the quest for the
                  | Orb.
     0 | D:1      | Reached XP level 1. HP: 11/11 MP: 2/2
    55 | D:1      | Reached XP level 2. HP: 15/15 MP: 3/3
   216 | D:1      | Reached skill level 3 in Long Blades
   419 | D:1      | Reached XP level 3. HP: 18/18 MP: 2/4
  1204 | D:2      | Noticed Terence
  1231 | D:2      | Killed Terence
  1232 | D:2      | Reached skill level 1 in Armour
  1232 | D:2      | Reached XP level 4. HP: 17/23 MP: 2/5
  1585 | D:3      | Found a faded altar of an unknown god.
  2288 | D:4      | Reached XP level 5. HP: 26/27 MP: 4/6
  2387 | D:4      | Noticed Eustachio
  2440 | D:4      | Killed Eustachio
  2441 | D:4      | Reached skill level 4 in Long Blades
  2441 | D:4      | Reached XP level 6. HP: 32/32 MP: 7/7
  3063 | D:5      | Entered Level 5 of the Dungeon
  3080 | D:5      | Found a staircase to the Ecumenical Temple.
  3087 | Temple   | Entered the Ecumenical Temple
  3097 | Temple   | Became a worshipper of the Wu Jian Council
  3168 | D:5      | Reached XP level 7. HP: 33/36 MP: 8/8
  3259 | D:5      | Reached skill level 5 in Long Blades
  3378 | D:5      | Found a glowing drain.
  3388 | Sewer    | Entered a sewer
  3413 | Sewer    | Reached * piety under Wu Jian
  3619 | Sewer    | Gained mutation: You have razor-sharp teeth. [Vine Stalker
                  | growth]
  3619 | Sewer    | Reached XP level 8. HP: 31/42 MP: 4/9
  3711 | D:5      | Reached ** piety under Wu Jian
  3825 | D:5      | Reached skill level 6 in Long Blades
  4205 | D:6      | Killed from afar by a steam dragon

Illustrated notes

Levels and vault maps discovered:
D:1:      dpeg_arrival_tiny_a, layout_basic, serial_forest,
          infiniplex_forest_end_2, infiniplex_forest_straight_2,
          infiniplex_forest_end_2, infiniplex_forest_clump_double,
          infiniplex_forest_lined_room_3, infiniplex_forest_clump_long,
          hex_intersection
D:2:      layout_rooms, dk_noncrumbling_3, minmay_statues_item, uniq_terence
D:3:      layout_basic, basic_ecumenical_altar, minmay_misc_feat_enclosed
D:4:      layout_cave_pods, uniq_eustachio
D:5:      layout_basic, minmay_temple_entry_arrows,
          nicolae_ossuary_entry_catacombs, cheibrodos_sewer_entry_bend,
          chequers_serial_rivers_marsh, nrook_mini_vaults
D:6:      layout_basic, minivault_10
Temple:   hellmonk_temple_of_storms

Skill      XL: |  1  2  3  4  5  6  7  8 |
---------------+-------------------------+-----
Fighting       | 2 3 4 |  4.4
Long Blades    | 3 4 5 6 |  6.5
Armour         | 1 2 3 |  3.5
Dodging        | 3 4 |  4.4
Throwing       | |  1.7

Action                     |  1- 3 |  4- 6 |  7- 9 || total
---------------------------+-------+-------+-------++-------
  Melee: Long sword        |    80 |   153 |   295 ||   528
         Bite              |    19 |    49 |    68 ||   136
         Punch             |       |     2 |     6 ||     8
Ability: Whirlwind         |       |       |    41 ||    41
         Lunge             |       |       |     9 ||     9
   Stab: Sleeping          |     1 |     2 |       ||     3
 Armour: Leather armour    |    45 |    34 |       ||    79
         Ring mail         |       |   100 |   108 ||   208
         Chain mail        |       |       |    88 ||    88
  Dodge: Dodged            |    46 |   162 |   173 ||   381

Table legend: (Time is in decaauts)
 A = Elapsed time spent in this place.
 B = Non-inter-level travel time spent in this place.
 C = Inter-level travel time spent in this place.
 D = Time resting spent in this place.
 E = Time spent auto-exploring this place.
 F = Levels seen in this place.
 G = Mean time per level.
                   A        B        C        D        E       F      G
               +--------+--------+--------+--------+--------+-----+--------+
         Total |   4350 |   4257 |     93 |     39 |   2763 |   8 |  543.8 |
       Dungeon |   3991 |   3898 |     93 |     39 |   2763 |   6 |  665.2 |
        Temple |     19 |     19 |      0 |      0 |      0 |   1 |   19.0 |
         Sewer |    338 |    338 |      0 |      0 |      0 |   1 |  338.0 |
               +--------+--------+--------+--------+--------+-----+--------+

Top non-repeatable levels by time:
     D:1: 1140 daAuts
     D:5: 808 daAuts
     D:4: 803 daAuts
     D:3: 712 daAuts
     D:2: 457 daAuts
   Sewer: 338 daAuts
     D:6: 69 daAuts
  Temple: 19 daAuts
